 Dungeon Sprint DCSS version 0.28-a0-1236-gb25a51b929 (webtiles) character file.

Game seed: 5016511154784841619

1581 rocky1 the Covert (level 8, -3/48 HPs)
             Began as a Vine Stalker Brigand on Dec 26, 2021.
             Was a Priest of Okawaru.
             Killed from afar by a bog body (10 damage)
             ... with a bolt of cold
             ... in the Dungeon (Sprint VII: "The Pits").
             The game lasted 00:05:53 (1055 turns).

rocky1 the Covert (Vine Stalker Brigand)            Turns: 1055, Time: 00:05:54

Health: -3/48      AC:  3    Str: 18    XL:     8   Next: 91%
Magic:  0/14       EV: 17    Int: 11    God:    Okawaru [***...]
Gold:   0          SH:  0    Dex: 17    Spells: 7/7 levels left

rFire   . . .      SeeInvis .   t - +2 rapier (venom)
rCold   . . .      Faith    .   (no shield)
rNeg    . . .      Spirit   +   b - +0 robe
rPois   .          Reflect  .   (no helmet)
rElec   .          Harm     .   c - +0 cloak
rCorr   .          Rampage  .   (no gloves)
Will    +....      NoTele   +   (no boots)
Stlth   ++++++....              (no amulet)
HPRegen 0.96/turn               o - +3 ring of strength
MPRegen 0.14/turn               p - +3 ring of evasion

@: no status effects
A: fangs 3, regeneration 1, magic shield, antimagic bite, no potion heal 2
a: Renounce Religion, Heroism


You were in the Dungeon.
You worshipped Okawaru.
Okawaru was most pleased with you.
You visited 1 branch

Inventory:

Hand Weapons
 m - a +1 long sword of holy wrath
 t - a +2 rapier of venom (weapon)
 u - a +2 scimitar of flaming
Missiles
 d - 8 poisoned darts (quivered)
 e - 2 curare-tipped darts
Armour
 b - a +0 robe (worn)
 c - a +0 cloak (worn)
Jewellery
 o - a +3 ring of strength (left hand)
 p - a +3 ring of evasion (right hand)
Scrolls
 j - a scroll of blinking
 l - 5 scrolls of amnesia
Potions
 f - 4 potions of curing
 g - 3 potions of haste
 h - 4 potions of magic
 i - 3 potions of berserk rage
 k - 2 potions of invisibility
 q - a potion of brilliance
 r - 2 potions of might
 s - 3 potions of mutation


   Skills:
 + Level 8.5 Fighting
 + Level 8.5 Short Blades
 + Level 3.5 Throwing
 + Level 3.6 Armour
 + Level 4.6 Dodging
 + Level 13.9 Stealth
 + Level 6.8 Invocations


You had 7 spell levels left.
You didn't know any spells.
Your spell library was empty.

Dungeon Overview and Level Annotations

Branches:
Dungeon (1/1)

Altars:
Ashenzari
Cheibriados
Dithmenos
Elyvilon
Fedhas
Gozag
Hepliaklqana
Kikubaaqudgha
Makhleb
Nemelex Xobeh
Okawaru
Qazlal
Ru
Sif Muna
Trog
Uskayaw
Vehumet
Wu Jian
Xom
Yredelemnul
Zin
The Shining One
Beogh
Jiyva
Lugonu


Innate Abilities, Weirdness & Mutations

You have razor-sharp teeth.
Your natural rate of healing is unusually fast.
When hurt, damage is shared between your health and your magic reserves.
Your bite disrupts and absorbs the magic of your enemies.
Potions cannot restore your health.


Message History

There is an open door here.
Things that are here:
a +4 vorpal flail; a +0 chain mail
There is an open door here.
There is an open door to the Storerooms (Easy) here.
There is an open door to the Entrance Hall (Safe) here.
There is a staircase leading out of the dungeon here.
There is an open door to the Entrance Hall (Safe) here.
You open the huge gate.
A river rat and a scorpion come into view.
Unknown command.
There is a huge open gate to the Metal Vault (Medium) here.
There is a huge open gate to the Metal Vault (Medium) here.
The helpless scorpion fails to defend itself.
You stick the scorpion like a pincushion!!!!
You kill the scorpion!
Okawaru accepts your kill.
The helpless river rat fails to defend itself.
You perforate the river rat like a sieve!!!
You kill the river rat!
Okawaru accepts your kill.
You see here a river rat corpse.
No target in view!
A frilled lizard comes into view.
A bog body comes into view.
The bog body casts a spell at you.
The bolt of cold hits the frilled lizard!!
The frilled lizard dies!
The bolt of cold hits you!!
Ouch! That really hurt!
The bog body casts a spell at you. The bolt of cold misses you.
The bog body gestures at you while chanting.
The bolt of cold hits you!!
* * * LOW HITPOINT WARNING * * *
The bog body casts a spell at you. The bolt of cold misses you.
The bog body points at you and mumbles some strange words.
The bolt of cold hits you!
You die...

##'###.......##''#####
†...##.......##......#
....##.......##....###
'#####...<...##..†##
.)[.##.......##..##
.)[.##.......##..#
######.......##..#
##..###########..+
.#.############.@#
##.#....#!.[[##..#
.#'#....#..[[##.n#
##÷'.÷..'..))##...#
.#'#....#..))##....#
.).#....#.!).##....n.
######################


You could see a bog body.

Vanquished Creatures
  A cane toad (D)
  A redback (D)
  3 fire bats (D)
  Edmund (D)
  A floating eye (D)
  A water moccasin (D)
  A sky beast (D)
  4 scorpions (D)
  A hound (D)
  An orc wizard (D)
  A mummy (D)
  An adder (D)
  2 river rats (D)
  An ufetubus (D)
  An adder skeleton (D)
  A worm (D)
  A hobgoblin (D)
  4 quokkas (D)
27 creatures vanquished.

Vanquished Creatures (others)
  A frilled lizard (D)
1 creature vanquished.

Grand Total: 28 creatures vanquished

Notes
Turn   | Place    | Note
-------+----------+-------------------------------------------
     0 | D        | rocky1 the Vine Stalker Brigand began the quest for the
                  | Orb.
     0 | D        | Reached XP level 1. HP: 11/11 MP: 2/2
    11 | D        | Noticed a scorpion
    14 | D        | Killed a scorpion
    15 | D        | Reached skill level 6 in Stealth
    15 | D        | Reached XP level 2. HP: 16/16 MP: 3/3
    15 | D        | Reached XP level 3. HP: 20/20 MP: 4/4
   314 | D        | Found a bloodstained altar of Trog.
   314 | D        | Found a shimmering blue altar of Sif Muna.
   314 | D        | Found a viscous altar of Jiyva.
   314 | D        | Found a hazy altar of Hepliaklqana.
   314 | D        | Found an opulent altar of Gozag.
   315 | D        | Found a glowing golden altar of the Shining One.
   315 | D        | Found a glowing silver altar of Zin.
   315 | D        | Found a basalt altar of Yredelemnul.
   315 | D        | Found a shimmering altar of Xom.
   315 | D        | Found an ornate altar of the Wu Jian Council.
   315 | D        | Found a sacrificial altar of Ru.
   315 | D        | Found a stormy altar of Qazlal.
   315 | D        | Found an iron altar of Okawaru.
   315 | D        | Found a sparkling altar of Nemelex Xobeh.
   315 | D        | Found a burning altar of Makhleb.
   315 | D        | Found a blossoming altar of Fedhas.
   315 | D        | Found a white marble altar of Elyvilon.
   315 | D        | Found a shadowy altar of Dithmenos.
   315 | D        | Found a snail-covered altar of Cheibriados.
   317 | D        | Found a radiant altar of Vehumet.
   317 | D        | Found a corrupted altar of Lugonu.
   318 | D        | Found a hide-covered altar of Uskayaw.
   318 | D        | Found an ancient bone altar of Kikubaaqudgha.
   318 | D        | Found a broken altar of Ashenzari.
   323 | D        | Became a worshipper of Warmaster Okawaru
   372 | D        | Gained mutation: Your natural rate of healing is unusually
                  | fast. [Vine Stalker growth]
   372 | D        | Reached XP level 4. HP: 15/24 MP: 3/5
   401 | D        | Noticed a scorpion
   403 | D        | Killed a scorpion
   404 | D        | Reached skill level 8 in Stealth
   404 | D        | Reached XP level 5. HP: 30/30 MP: 6/6
   409 | D        | Noticed a floating eye
   417 | D        | Killed a floating eye
   417 | D        | Reached * piety under Okawaru
   418 | D        | Reached skill level 5 in Fighting
   418 | D        | Reached skill level 5 in Short Blades
   418 | D        | Reached skill level 10 in Stealth
   418 | D        | Reached XP level 6. HP: 33/35 MP: 7/7
   476 | D        | Noticed a fire bat
   477 | D        | Noticed a sky beast
   478 | D        | Noticed Edmund
   491 | D        | Killed a fire bat
   492 | D        | Reached skill level 11 in Stealth
   498 | D        | Killed Edmund
   499 | D        | Reached skill level 12 in Stealth
   499 | D        | Reached XP level 7. HP: 41/41 MP: 8/11
   503 | D        | Reached ** piety under Okawaru
   664 | D        | Noticed a cane toad
   666 | D        | Killed a cane toad
   667 | D        | Reached skill level 13 in Stealth
   667 | D        | Reached skill level 5 in Invocations
   667 | D        | Gained mutation: You have razor-sharp teeth. [Vine Stalker
                  | growth]
   667 | D        | Reached XP level 8. HP: 47/47 MP: 11/13
   708 | D        | Noticed a redback
   731 | D        | HP: 1/48 [redback (3)]
   736 | D        | Killed a redback
   736 | D        | Reached *** piety under Okawaru
  1047 | D        | Noticed a bog body
  1055 | D        | Killed from afar by a bog body

Illustrated notes

Levels and vault maps discovered:
D:        pitsprint [storerooms_1, entrance_room_1, metal_vault_6, armoury_2,
          mini_pit_1, grid_room_1, main_hall_1, silver_pit, the_coven_1,
          the_vestibule_1, steel_vault_4, golden_pit, hallway_of_sentries,
          crystal_vault_2, iron_vault_2, final_vault]

Skill      XL: |  1  2  3  4  5  6  7  8 |
---------------+-------------------------+-----
Fighting       | 3 4 5 6 7 8 |  8.5
Short Blades   | 3 4 5 6 7 8 |  8.5
Throwing       | 3 |  3.5
Dodging        | 2 3 4 |  4.6
Stealth        | 6 8 10 12 13 | 13.9
Invocations    | 4 5 6 |  6.8
Armour         | 2 3 |  3.6

Action                   |  1- 3 |  4- 6 |  7- 9 || total
-------------------------+-------+-------+-------++-------
Melee: Dagger            |     6 |    36 |    54 ||    96
       Bite              |     2 |    12 |    20 ||    34
       Rapier            |       |       |     2 ||     2
Throw: Dart              |       |       |     2 ||     2
Invok: Heroism           |       |     1 |       ||     1
  Use: Potion            |       |     1 |     2 ||     3
 Stab: Sleeping          |     2 |     2 |     6 ||    10
Armor: Robe              |       |     4 |     7 ||    11
Dodge: Dodged            |     4 |    23 |    30 ||    57

Table legend: (Time is in decaauts)
 A = Elapsed time spent in this place.
 B = Non-inter-level travel time spent in this place.
 C = Inter-level travel time spent in this place.
 D = Time resting spent in this place.
 E = Time spent auto-exploring this place.
 F = Levels seen in this place.
 G = Mean time per level.
                   A        B        C        D        E       F      G
               +--------+--------+--------+--------+--------+-----+--------+
         Total |   1025 |    961 |     64 |    656 |      0 |   1 | 1025.0 |
       Dungeon |   1025 |    961 |     64 |    656 |      0 |   1 | 1025.0 |
               +--------+--------+--------+--------+--------+-----+--------+

Top non-repeatable levels by time:
       D: 1025 daAuts
